TOP OF THE 1ST |
Walla Walla All-Stars batting - Pitching for Albuquerque Isotopes : RHP Jason Dodd
|
Pitching: RHP Jason Dodd
|
|
Batting: RHB Daniel Guerrero
|
0-0: Fly out, F9 (Line Drive, 89S)
|
Batting: SHB Sean Carr
|
0-0: Ball 1-0: Ball 2-0: Ball 3-0: Called Strike 3-1: Called Strike 3-2: Base on Balls
|
Batting: RHB Lorenzo Morín
|
0-0: Ball 1-0: Called Strike 1-1: Ball 2-1: Called Strike 2-2: Ball 3-2: Foul Ball, location: 2F 3-2: SINGLE (Line Drive, 8LS) Sean Carr to second
|
Batting: RHB Luke McIndoe
|
0-0: Ball Sean Carr steals 3rd base Lorenzo Morín to second 1-0: Called Strike 1-1: Ball 2-1: Ground out 4-3 (Groundball, 4) Sean Carr scores Lorenzo Morín to third
|
Batting: LHB Keith Beard
|
0-0: Ball 1-0: Ball 2-0: TRIPLE (Flyball, 8RM) Lorenzo Morín scores
|
Batting: RHB Leslie Penn
|
0-0: Ball 1-0: Fly out, F8 (Flyball, 89XD)
|
Top of the 1st over - 2 run(s), 2 hit(s), 0 error(s), 1 left on base; Walla Walla 2 - Albuquerque 0 |
BOTTOM OF THE 1ST |
Albuquerque Isotopes batting - Pitching for Walla Walla All-Stars : RHP John Bowden
|
Pitching: RHP John Bowden
|
|
Batting: LHB Pedro Vega
|
0-0: Swinging Strike 0-1: Ball 1-1: Ball 2-1: Ball 3-1: Base on Balls
|
Batting: RHB Chris Terry
|
0-0: Ball 1-0: Swinging Strike 1-1: Swinging Strike 1-2: Foul Ball, location: 2F 1-2: Ball 2-2: Ball 3-2: Base on Balls Pedro Vega to second
|
Batting: LHB Manny Mejía
|
0-0: Fly out, F7 (Flyball, 78D)
|
Batting: RHB Sze Qi
|
0-0: Ball 1-0: Foul Ball, location: 2F 1-1: Ball 2-1: Ball 3-1: Called Strike 3-2: Base on Balls Pedro Vega to third Chris Terry to second
|
Batting: RHB Edward Young
|
0-0: Ball 1-0: Called Strike 1-1: Called Strike 1-2: Ball 2-2: Foul Ball, location: 2F 2-2: Ball 3-2: GRAND SLAM HOME RUN (Flyball, 7LD), Distance : 367 ft
|
Batting: LHB Mark Vestal
|
0-0: Ball 1-0: Foul Ball, location: 2F 1-1: Called Strike 1-2: Ball 2-2: DOUBLE (Groundball, 3D)
|
Batting: LHB A.J. Major
|
0-0: Ground out 6-3 (Groundball, 6)
|
Batting: SHB José Sosa
|
0-0: Ball 1-0: Swinging Strike 1-1: Ball 2-1: Foul Ball, location: 2F 2-2: Strikes out swinging
|
Bottom of the 1st over - 4 run(s), 2 hit(s), 0 error(s), 1 left on base; Walla Walla 2 - Albuquerque 4 |
TOP OF THE 2ND |
Walla Walla All-Stars batting - Pitching for Albuquerque Isotopes : RHP Jason Dodd
|
Batting: LHB Mike Young
|
0-0: Foul Ball, location: 2F 0-1: Ball 1-1: Swinging Strike 1-2: Foul Ball, location: 2F 1-2: Foul Ball, location: 2F 1-2: Ball 2-2: Foul Ball, location: 2F 2-2: Fly out, F8 (Popup, 8LS)
|
Batting: RHB Jim Dunbar
|
0-0: Foul Ball, location: 2F 0-1: Ground out 3-1 (Groundball, 34)
|
Batting: RHB Pablo Castillo
|
0-0: Ball 1-0: Ball 2-0: Fly out, F9 (Flyball, 9M)
|
Top of the 2nd over - 0 run(s), 0 hit(s), 0 error(s), 0 left on base; Walla Walla 2 - Albuquerque 4 |
BOTTOM OF THE 2ND |
Albuquerque Isotopes batting - Pitching for Walla Walla All-Stars : RHP John Bowden
|
Batting: RHB Luis Martínez
|
0-0: Called Strike 0-1: Swinging Strike 0-2: Strikes out swinging
|
Batting: LHB Pedro Vega
|
0-0: Ball 1-0: Swinging Strike 1-1: Foul Ball, location: 2F 1-2: Ground out 4-3 (Groundball, 4)
|
Batting: RHB Chris Terry
|
0-0: Foul Ball, location: 2F 0-1: Ball 1-1: Ball 2-1: Ball 3-1: Base on Balls
|
Batting: LHB Manny Mejía
|
0-0: Swinging Strike 0-1: Ball 1-1: Ball 2-1: SINGLE (Line Drive, 8RS) Chris Terry to second
|
Batting: RHB Sze Qi
|
0-0: Fielders Choice at 2nd, U4 (Groundball, 4M)
|
Bottom of the 2nd over - 0 run(s), 1 hit(s), 0 error(s), 2 left on base; Walla Walla 2 - Albuquerque 4 |
TOP OF THE 3RD |
Walla Walla All-Stars batting - Pitching for Albuquerque Isotopes : RHP Jason Dodd
|
Batting: RHB Daniel Guerrero
|
0-0: Swinging Strike 0-1: Ball 1-1: Ball 2-1: Ball 3-1: Swinging Strike 3-2: Fly out, F7 (Flyball, 7M)
|
Batting: SHB Sean Carr
|
0-0: Ball 1-0: Swinging Strike 1-1: Foul Ball, location: 2F 1-2: Ground out 4-3 (Groundball, 4)
|
Batting: RHB Lorenzo Morín
|
0-0: Swinging Strike 0-1: Swinging Strike 0-2: Ball 1-2: Ball 2-2: DOUBLE (Line Drive, 78D)
|
Batting: RHB Luke McIndoe
|
0-0: Called Strike 0-1: Fly out, F7 (Line Drive, 7M)
|
Top of the 3rd over - 0 run(s), 1 hit(s), 0 error(s), 1 left on base; Walla Walla 2 - Albuquerque 4 |
BOTTOM OF THE 3RD |
Albuquerque Isotopes batting - Pitching for Walla Walla All-Stars : RHP John Bowden
|
Batting: RHB Edward Young
|
0-0: Ball 1-0: Foul Ball, location: 2F 1-1: Ball 2-1: Foul Ball, location: 2F 2-2: Ground out 5-3 (Groundball, 56S)
|
Batting: LHB Mark Vestal
|
0-0: Ball 1-0: SINGLE (Groundball, 13) (infield hit)
|
Batting: LHB A.J. Major
|
0-0: Ball 1-0: Fly out, F7 (Flyball, 78M)
|
Batting: SHB José Sosa
|
0-0: Called Strike 0-1: Ball Mark Vestal is caught stealing 2nd base
|
Bottom of the 3rd over - 0 run(s), 1 hit(s), 0 error(s), 0 left on base; Walla Walla 2 - Albuquerque 4 |
TOP OF THE 4TH |
Walla Walla All-Stars batting - Pitching for Albuquerque Isotopes : RHP Jason Dodd
|
Batting: LHB Keith Beard
|
0-0: Foul Ball, location: 2F 0-1: Foul Ball, location: 2F 0-2: Strikes out swinging
|
Batting: RHB Leslie Penn
|
0-0: SINGLE (Line Drive, 78M)
|
Batting: LHB Mike Young
|
0-0: Ball 1-0: Ball 2-0: Ball 3-0: Base on Balls Leslie Penn to second
|
Batting: RHB Jim Dunbar
|
0-0: Foul Ball, location: 2F 0-1: Ball 1-1: Called Strike 1-2: Ball 2-2: Ball 3-2: Base on Balls Leslie Penn to third Mike Young to second
|
Batting: RHB Pablo Castillo
|
0-0: Called Strike 0-1: Grounds into double play, 5-4-3 (Groundball, 56)
|
Top of the 4th over - 0 run(s), 1 hit(s), 0 error(s), 2 left on base; Walla Walla 2 - Albuquerque 4 |
BOTTOM OF THE 4TH |
Albuquerque Isotopes batting - Pitching for Walla Walla All-Stars : RHP John Bowden
|
Batting: SHB José Sosa
|
0-0: Ball 1-0: Called Strike 1-1: Called Strike 1-2: Ground out 5-3 (Groundball, 15S)
|
Batting: RHB Luis Martínez
|
0-0: Swinging Strike 0-1: Foul Ball, location: 2F 0-2: Ball 1-2: Ball 2-2: Ball 3-2: Fly out, F8 (Flyball, 8LXD)
|
Batting: LHB Pedro Vega
|
0-0: Foul Ball, location: 2F 0-1: Ball 1-1: Ball 2-1: Foul Ball, location: 2F 2-2: Foul Ball, location: 2F 2-2: Ball 3-2: Foul Ball, location: 2F 3-2: Foul Ball, location: 2F 3-2: Foul Ball, location: 2F 3-2: Hit by Pitch
|
Batting: RHB Chris Terry
|
0-0: Called Strike 0-1: Ball 1-1: Ball 2-1: Foul Ball, location: 2F 2-2: Ball 3-2: Base on Balls Pedro Vega to second
|
Batting: LHB Manny Mejía
|
0-0: Ball 1-0: Foul Ball, location: 2F 1-1: Called Strike 1-2: 3-RUN HOME RUN (Flyball, 89XD), Distance : 397 ft
|
Batting: RHB Sze Qi
|
0-0: Ball 1-0: Called Strike 1-1: Ball 2-1: Fly out, F8 (Popup, 4D)
|
Bottom of the 4th over - 3 run(s), 1 hit(s), 0 error(s), 0 left on base; Walla Walla 2 - Albuquerque 7 |
TOP OF THE 5TH |
Walla Walla All-Stars batting - Pitching for Albuquerque Isotopes : RHP Jason Dodd
|
Batting: RHB Daniel Guerrero
|
0-0: Ball 1-0: Ball 2-0: Ground out 1-3 (Groundball, 13S)
|
Batting: SHB Sean Carr
|
0-0: Ball 1-0: Ball 2-0: Foul Ball, location: 2F 2-1: Foul Ball, location: 2F 2-2: Foul Ball, location: 2F 2-2: Foul Ball, location: 2F 2-2: SINGLE (Line Drive, 89S)
|
Pitching: LHP Dave Rice
|
|
Batting: RHB Lorenzo Morín
|
0-0: Ball 1-0: Grounds into double play, 6-4-3 (Groundball, 6M)
|
Top of the 5th over - 0 run(s), 1 hit(s), 0 error(s), 0 left on base; Walla Walla 2 - Albuquerque 7 |
BOTTOM OF THE 5TH |
Albuquerque Isotopes batting - Pitching for Walla Walla All-Stars : RHP John Bowden
|
Pitching: RHP António Benítez
|
|
Batting: RHB Edward Young
|
0-0: Ball 1-0: Ground out 6-3 (Groundball, 6M)
|
Batting: LHB Mark Vestal
|
0-0: Called Strike 0-1: Ball 1-1: Swinging Strike 1-2: Strikes out looking
|
Batting: LHB A.J. Major
|
0-0: Ball 1-0: SINGLE (Groundball, 4MD)
|
Batting: SHB José Sosa
|
0-0: Ball 1-0: Swinging Strike 1-1: Ball 2-1: Called Strike 2-2: Foul Ball, location: 2F 2-2: Ball A.J. Major steals 2nd base 3-2: Foul Ball, location: 2F 3-2: Strikes out looking
|
Bottom of the 5th over - 0 run(s), 1 hit(s), 0 error(s), 1 left on base; Walla Walla 2 - Albuquerque 7 |
TOP OF THE 6TH |
Walla Walla All-Stars batting - Pitching for Albuquerque Isotopes : LHP Dave Rice
|
Batting: RHB Luke McIndoe
|
0-0: Ball 1-0: Ball 2-0: Ball 3-0: Called Strike 3-1: Ground out 6-3 (Groundball, 6)
|
Batting: LHB Keith Beard
|
0-0: Ball 1-0: Ball 2-0: Ball 3-0: Base on Balls
|
Batting: RHB Leslie Penn
|
0-0: Swinging Strike Keith Beard is caught stealing 2nd base 0-1: SINGLE (Line Drive, 7S)
|
Batting: LHB Mike Young
|
0-0: Swinging Strike 0-1: Swinging Strike 0-2: Ball 1-2: Strikes out looking
|
Top of the 6th over - 0 run(s), 1 hit(s), 0 error(s), 1 left on base; Walla Walla 2 - Albuquerque 7 |
BOTTOM OF THE 6TH |
Albuquerque Isotopes batting - Pitching for Walla Walla All-Stars : RHP António Benítez
|
Batting: RHB Luis Martínez
|
0-0: Ball 1-0: SINGLE (Line Drive, 6D)
|
Batting: LHB Pedro Vega
|
0-0: Ball 1-0: Fly out, F9 (Flyball, 9D)
|
Batting: RHB Chris Terry
|
Pickoff Throw to First - Out! 0-0: Ball 1-0: Swinging Strike 1-1: Ball 2-1: Ball 3-1: Base on Balls
|
Batting: LHB Manny Mejía
|
0-0: Ball 1-0: Called Strike 1-1: Fly out, F4 (Line Drive, 4)
|
Bottom of the 6th over - 0 run(s), 1 hit(s), 0 error(s), 1 left on base; Walla Walla 2 - Albuquerque 7 |
TOP OF THE 7TH |
Walla Walla All-Stars batting - Pitching for Albuquerque Isotopes : LHP Dave Rice
|
Batting: RHB Jim Dunbar
|
0-0: Ball 1-0: Ball 2-0: Called Strike 2-1: SINGLE (Line Drive, 56D)
|
Batting: RHB Pablo Castillo
|
0-0: Called Strike 0-1: Ball 1-1: Ball 2-1: Grounds into double play, 6-4-3 (Groundball, 56)
|
Batting: RHB Daniel Guerrero
|
0-0: Called Strike Single, Error in OF, E9, batter to second base
|
Batting: SHB Sean Carr
|
0-0: Foul Ball, location: 2F 0-1: Swinging Strike 0-2: Ball 1-2: Ball 2-2: Ball 3-2: Base on Balls
|
Batting: RHB Lorenzo Morín
|
0-0: Foul Ball, location: 2F 0-1: Ball 1-1: Ball 2-1: Fly out, F8 (Flyball, 8RD)
|
Top of the 7th over - 0 run(s), 2 hit(s), 1 error(s), 2 left on base; Walla Walla 2 - Albuquerque 7 |
BOTTOM OF THE 7TH |
Albuquerque Isotopes batting - Pitching for Walla Walla All-Stars : RHP António Benítez
|
Pitching: RHP William Tagg
|
|
Batting: RHB Sze Qi
|
0-0: Called Strike 0-1: Ground out 6-3 (Groundball, 6)
|
Batting: RHB Edward Young
|
0-0: Called Strike 0-1: Swinging Strike 0-2: Ball 1-2: Ball 2-2: Strikes out swinging
|
Batting: LHB Mark Vestal
|
0-0: Called Strike 0-1: Ball 1-1: Ball 2-1: Ground out 2-3 (Groundball, 2R)
|
Bottom of the 7th over - 0 run(s), 0 hit(s), 0 error(s), 0 left on base; Walla Walla 2 - Albuquerque 7 |
TOP OF THE 8TH |
Walla Walla All-Stars batting - Pitching for Albuquerque Isotopes : LHP Dave Rice
|
Pitching: RHP Arthur Smith
|
|
Batting: RHB Luke McIndoe
|
0-0: Called Strike 0-1: Ball 1-1: Swinging Strike 1-2: Ground out 1-3 (Groundball, 13)
|
Batting: LHB Keith Beard
|
0-0: Called Strike 0-1: Ball 1-1: Ball 2-1: Ball 3-1: SINGLE (Flyball, 8RS)
|
Batting: RHB Leslie Penn
|
0-0: Ball 1-0: Swinging Strike 1-1: SINGLE (Flyball, 8LS) Keith Beard to second
|
Batting: LHB Mike Young
|
0-0: Ball 1-0: Ball 2-0: Called Strike 2-1: Called Strike 2-2: Foul Ball, location: 2F 2-2: Strikes out swinging
|
Batting: RHB Jim Dunbar
|
0-0: Ball 1-0: Foul Ball, location: 2F 1-1: Fly out, F3 (Line Drive, 3)
|
Top of the 8th over - 0 run(s), 2 hit(s), 0 error(s), 2 left on base; Walla Walla 2 - Albuquerque 7 |
BOTTOM OF THE 8TH |
Albuquerque Isotopes batting - Pitching for Walla Walla All-Stars : RHP William Tagg
|
Batting: LHB A.J. Major
|
0-0: Ground out 4-3 (Groundball, 4)
|
Batting: SHB José Sosa
|
0-0: Ball 1-0: Ball 2-0: Called Strike 2-1: Foul Ball, location: 2F 2-2: Ball 3-2: Base on Balls
|
Batting: RHB Luis Martínez
|
0-0: Reached on error, E6 (Groundball, 6M) José Sosa to second
|
Batting: LHB Pedro Vega
|
0-0: Called Strike 0-1: Ball 1-1: Grounds into double play, 4-6-3 (Groundball, 34)
|
Bottom of the 8th over - 0 run(s), 0 hit(s), 1 error(s), 1 left on base; Walla Walla 2 - Albuquerque 7 |
TOP OF THE 9TH |
Walla Walla All-Stars batting - Pitching for Albuquerque Isotopes : RHP Arthur Smith
|
Batting: RHB Pablo Castillo
|
0-0: Ball 1-0: Foul Ball, location: 2F 1-1: Ball 2-1: Ball 3-1: Fly out, F5 (Popup, 5F)
|
Batting: RHB Daniel Guerrero
|
0-0: Ball 1-0: Fly out, F7 (Flyball, 7M)
|
Batting: SHB Sean Carr
|
0-0: Called Strike 0-1: Ball 1-1: Called Strike 1-2: Strikes out looking
|
Top of the 9th over - 0 run(s), 0 hit(s), 0 error(s), 0 left on base; Walla Walla 2 - Albuquerque 7 |
|